 Dungeon Crawl Stone Soup version 0.29.1-15-g9cfb28693d (webtiles) character file.

Game seed: 12130880786621541110

1695 venomsnake the Fighter (level 8, -1/75 HPs)
             Began as a Minotaur Berserker on Apr 21, 2023.
             Was an Elder of Trog.
             Slain by a gnoll (3 damage)
             ... on level 5 of the Dungeon on Apr 22, 2023.
             The game lasted 00:14:26 (5434 turns).

venomsnake the Fighter (Minotaur Berserker)         Turns: 5434, Time: 00:14:26

Health: -1/75      AC:  7    Str: 24    XL:     8   Next: 72%
Magic:  7/7        EV: 12    Int:  9    God:    Trog [****..]
Gold:   709        SH:  0    Dex: 10    Spells: 7/7 levels left

rFire   . . .      SeeInvis .   l - +0 long sword
rCold   . . .      Faith    .   (no shield)
rNeg    . . .      Spirit   .   a - +0 ring mail "Hykei" {Int+5}
rPois   .          Reflect  .   (helmet restricted)
rElec   .          Harm     .   (no cloak)
rCorr   .          Rampage  .   (no gloves)
Will    .....                   g - +0 pair of boots
Stlth   ..........              v - amulet of regeneration
HPRegen 1.02/turn               (no ring)
MPRegen 0.10/turn               (no ring)

@: no status effects
A: horns 2, retaliatory headbutt
a: Renounce Religion, Berserk, Trog's Hand, Brothers in Arms


You were on level 5 of the Dungeon.
You worshipped Trog.
Trog was greatly pleased with you.
You visited 1 branch of the dungeon, and saw 5 of its levels.

You collected 709 gold pieces.

Inventory:

Hand Weapons
 b - a +0 mace
 l - a +0 long sword (weapon)
Missiles
 u - 9 boomerangs (quivered)
 w - 2 throwing nets
Armour
 a - the +0 ring mail "Hykei" (worn) {Int+5}
   (You found it on level 2 of the Dungeon)

   Int:       It affects your intelligence (+5).
 g - a +0 pair of boots (worn)
Jewellery
 v - an amulet of regeneration (around neck)
Scrolls
 c - a scroll of noise {unknown}
 d - 2 scrolls of enchant weapon {unknown}
 e - 2 scrolls of poison {unknown}
 f - 3 scrolls of teleportation {unknown}
 h - a scroll of amnesia {unknown}
 j - 2 scrolls of fear {unknown}
 k - a scroll of immolation {unknown}
 m - a scroll of fog {unknown}
 n - a scroll of blinking {unknown}
 s - a scroll of torment {unknown}
 x - a scroll of magic mapping {unknown}
 y - 3 scrolls of identify {unknown}
Potions
 i - a potion of magic {unknown}
 o - a potion of resistance {unknown}
 p - a potion of curing {unknown}
 q - a potion of haste {unknown}
 r - 2 potions of heal wounds {unknown}
 t - a potion of might {unknown}


   Skills:
 * Level 8.6 Fighting
 + Level 6.5 Long Blades
 + Level 5.9 Armour
 + Level 5.4 Dodging
 + Level 3.8 Evocations


You had 7 spell levels left.
You didn't know any spells.
Your spell library was empty.

Dungeon Overview and Level Annotations

Branches:
Dungeon (5/15)             Temple (0/1) D:4

Altars:
Cheibriados
Hepliaklqana
Okawaru
Vehumet
Xom


Innate Abilities, Weirdness & Mutations

You have a pair of horns on your head.
You reflexively headbutt those who attack you in melee.


Message History

You hit the gnoll sergeant. You headbutt the gnoll sergeant.
The gnoll sergeant is lightly wounded.
The gnoll sergeant hits you with a +5 vorpal spear.
You hit the gnoll sergeant but do no damage.
The gnoll sergeant is lightly wounded.
The gnoll sergeant hits you with a +5 vorpal spear!
* * * LOW HITPOINT WARNING * * *
The gnoll sergeant misses you. You furiously retaliate!
You headbutt the gnoll sergeant!
You hit the gnoll sergeant but do no damage.
The gnoll sergeant is moderately wounded.
The gnoll sergeant barely misses you. You furiously retaliate!
You headbutt the gnoll sergeant! You barely miss the gnoll sergeant.
You headbutt the gnoll sergeant!
The gnoll sergeant is almost dead.
The gnoll sergeant hits you with a +5 vorpal spear!
* * * LOW HITPOINT WARNING * * *
x2 You hit the gnoll sergeant but do no damage.
The gnoll sergeant is almost dead.
The gnoll sergeant hits you with a +5 vorpal spear.
* * * LOW HITPOINT WARNING * * *
x2 You barely miss the gnoll sergeant.
The gnoll sergeant is almost dead.
The gnoll hits you.
* * * LOW HITPOINT WARNING * * *
The gnoll sergeant misses you.
You hit the gnoll sergeant but do no damage.
Your headbutt misses the gnoll sergeant.
The gnoll sergeant is almost dead.
The gnoll hits you.
* * * LOW HITPOINT WARNING * * *
The gnoll sergeant barely misses you.
You barely miss the gnoll sergeant.
You headbutt the gnoll sergeant, but do no damage.
The gnoll sergeant is almost dead.
The gnoll barely misses you.
The gnoll sergeant hits you with a +5 vorpal spear!
* * * LOW HITPOINT WARNING * * *
x2 The gnoll hits you.
You die...

..#.##......≈≈≈≈≈≈≈≈≈≈≈......##
###..#......≈≈........≈≈.††...##
......(..≈≈≈≈...##.....≈≈≈.....#
........≈≈.....####......≈≈....#
.......≈≈.....##..##......≈....#
.###...≈h.....##..##...........#
..###..≈.......#''#)(.[........#
...#...≈...##...(..).##...(....##
.#>###.≈..####..@...####.)≈.....#
##.#...≈.##..'..gg..'..##.≈...#.#
.......≈.##..'......'..##.≈.###.#
.......≈g.####......####..≈.###.#
.......≈g..##........##...≈..#..#
.......≈gg.....#''#.......≈..#.##
.).....≈ggg...##..##......≈....#
.......≈≈.....##..# ......≈...##
........≈≈≈≈≈..## ...≈≈.#.#


You could see a gnoll sergeant and a gnoll.

Vanquished Creatures
  A steam dragon (D:4)
  A black bear (D:4)
  2 ice beasts (D:5)
  A wolf (D:5)
  An ogre (D:4)
  2 phantoms
  2 gnoll sergeants (D:5)
  A scorpion (D:4)
  8 hounds
  2 gnoll boudas (D:5)
  An orc priest (D:4)
  2 iguanas (D:5)
  A mummy (D:3)
  23 gnolls
  4 adders
  A shadow imp (D:4)
  A white imp (D:5)
  2 ufetubi (D:4)
  3 worms
  A dart slug (D:2)
  10 orcs
  11 ball pythons
  9 bats
  7 endoplasms
  5 giant cockroaches
  5 goblins
  7 hobgoblins
  9 jackals
  3 quokkas
  3 frilled lizards
  6 kobolds
  9 rats
144 creatures vanquished.

Notes
Turn   | Place    | Note
-------+----------+-------------------------------------------
     0 | D:1      | venomsnake the Minotaur Berserker began the quest for the
                  | Orb.
     0 | D:1      | Reached XP level 1. HP: 19/19 MP: 0/0
   277 | D:1      | Reached XP level 2. HP: 20/27 MP: 1/1
   921 | D:1      | Reached skill level 4 in Fighting
  1425 | D:2      | Reached ** piety under Trog
  1439 | D:2      | Reached XP level 3. HP: 32/33 MP: 2/2
  1603 | D:2      | Identified the +0 ring mail "Hykei" {Int+5}
  1697 | D:2      | Found a hazy altar of Hepliaklqana.
  1855 | D:2      | Reached XP level 4. HP: 32/41 MP: 3/3
  1933 | D:2      | Reached skill level 1 in Evocations
  2128 | D:2      | Found a faded altar of an unknown god.
  2382 | D:2      | Identified the +7 whip of Fedhas {antimagic, rElec Dex+3}
  2634 | D:3      | Found an iron altar of Okawaru.
  2707 | D:3      | Found a snail-covered altar of Cheibriados.
  3335 | D:3      | Reached XP level 5. HP: 47/47 MP: 4/4
  3504 | D:4      | Found a staircase to the Ecumenical Temple.
  3557 | D:4      | Noticed an ogre
  3566 | D:4      | Killed an ogre
  3567 | D:4      | Reached skill level 5 in Fighting
  3655 | D:4      | Reached XP level 6. HP: 57/57 MP: 5/5
  3767 | D:4      | Reached skill level 6 in Fighting
  3767 | D:4      | Reached skill level 5 in Long Blades
  3817 | D:4      | Reached *** piety under Trog
  3939 | D:4      | Reached XP level 7. HP: 59/64 MP: 6/6
  4244 | D:4      | Noticed a steam dragon
  4252 | D:4      | Killed a steam dragon
  4288 | D:5      | Entered Level 5 of the Dungeon
  4390 | D:5      | Reached skill level 7 in Fighting
  4528 | D:5      | Reached skill level 5 in Armour
  4572 | D:4      | Reached XP level 8. HP: 72/73 MP: 7/7
  4736 | D:5      | Found a radiant altar of Vehumet.
  4801 | D:5      | Reached skill level 5 in Dodging
  4907 | D:5      | Reached skill level 8 in Fighting
  4978 | D:5      | Found a shimmering altar of Xom.
  5407 | D:5      | Reached **** piety under Trog
  5434 | D:5      | HP: 3/75 [gnoll sergeant/+5 vorpal spear (8)]
  5434 | D:5      | Slain by a gnoll

Illustrated notes

Levels and vault maps discovered:
D:1:      dpeg_arrival_pond, layout_basic, minmay_misc_feat_nine_boxes
D:2:      layout_loops_ring, dreamdust_ecumenical_altar_grove, basic_altar,
          kennysheep_generic_room_12
D:3:      layout_rooms, slow_altar_1, okawaru_metal_pillars_3, minivault_24,
          kennysheep_minor_cross, skrybe_limestone_x
D:4:      minmay_polygon_palace, layout_basic,
          minmay_temple_entry_drinking_statues
D:5:      layout_cave_pools, lemuel_coloured_pillars_altar, fiery_altar_vehumet,
          serial_gnoll_camp, gnoll_camp_huts_moat, gnoll_camp_mini_basic,
          gnoll_camp_mini_basic, gnoll_camp_mini_hut, serial_bayou_lagoon_a,
          kennysheep_generic_room_11

Skill      XL: |  1  2  3  4  5  6  7  8 |
---------------+-------------------------+-----
Long Blades    | 4 5 6 |  6.5
Fighting       | 4 5 6 7 8 |  8.6
Armour         | 3 4 5 |  5.9
Evocations     | 1 2 3 |  3.8
Dodging        | 3 4 5 |  5.4

Action                   |  1- 3 |  4- 6 |  7- 9 || total
-------------------------+-------+-------+-------++-------
Melee: Falchion          |    65 |       |       ||    65
       Headbutt          |    14 |    14 |    38 ||    66
       Long sword        |    22 |   122 |   156 ||   300
       Punch             |       |     1 |     2 ||     3
Throw: Throwing net      |       |     1 |       ||     1
Invok: Berserk           |       |     1 |     2 ||     3
Armor: Animal skin       |     5 |       |       ||     5
       Leather armour    |    11 |       |       ||    11
       Ring mail         |     6 |    59 |    75 ||   140
Dodge: Dodged            |    61 |    99 |   175 ||   335
